 Dungeon Crawl Stone Soup version 0.30-a0-1043-g60ff8d5f49 (webtiles) character file.

Game seed: 5960725102500692637

141 domi the Digger (level 5, -2/38 HPs)
             Began as a Meteoran Earth Elementalist on Apr 11, 2023.
             Slain by a quokka (4 damage)
             ... on level 4 of the Dungeon.
             The game lasted 00:03:42 (486 turns).

domi the Digger (Meteoran Earth Elementalist)        Turns: 486, Time: 00:03:42

Health: -2/38      AC:  2    Str: 10    XL:     5   Next: 78%
Magic:  3/10       EV: 12    Int: 18    God:
Gold:   56         SH:  0    Dex: 14    Spells: 3/9 levels left

rFire   . . .      SeeInvis .    e - +2 dagger (venom)
rCold   . . .      Faith    .    (no shield)
rNeg    . . .      Spirit   .    a - +0 robe
rPois   +          Reflect  .    (no helmet)
rElec   .          Rampage  .    (no cloak)
rCorr   +                        (no gloves)
Will    .....                    (no boots)
Stlth   +                        (no amulet)
HPRegen 0.26/turn                f - ring of resist corrosion
MPRegen 0.12/turn                n - ring of poison resistance {rPois}

@: glowing
A: sense surroundings 1, otherworldly, glowing, explore regen
a: no special abilities


You were on level 4 of the Dungeon.
You visited 1 branch of the dungeon, and saw 4 of its levels.

You collected 56 gold pieces.

Inventory:

Hand Weapons
 e - a +2 dagger of venom (weapon)
   (You took it off a kobold on level 1 of the Dungeon)
Armour
 a - a +0 robe (worn)
Jewellery
 f - a ring of resist corrosion (left hand)
   (You found it on level 1 of the Dungeon)
 n - a ring of poison resistance (right hand) {rPois}
   (You found it on level 3 of the Dungeon)
Scrolls
 c - 5 scrolls of identify {unknown}
 g - a scroll of amnesia {unknown}
 j - a scroll of torment {unknown}
 m - a scroll of vulnerability {unknown}
 o - a scroll of teleportation {unknown}
Potions
 b - a potion of magic
 d - 2 potions of berserk rage {unknown}
 h - a potion of might {unknown}
 i - a potion of heal wounds {unknown}
 k - 3 potions of curing {unknown}
 l - a potion of cancellation


   Skills:
 - Level 2.4 Dodging
 - Level 1.4 Stealth
 - Level 2.6 Spellcasting
 - Level 1.2 Transmutations
 + Level 7.0 Earth Magic


You had 3 spell levels left.
You knew the following spells:

 Your Spells              Type           Power      Damage    Failure   Level
x - Stone Arrow           Conj/Erth      30%        3d8       12%         3
z - Sandblast             Erth           54%        2d13      1%          1
N - Passwall              Tmut/Erth      14%        N/A       4%          2

Your spell library contained the following spells:

 Spells                   Type           Power      Damage    Failure   Level
 Ozocubu's Armour         Ice            2%         N/A       45%         3
 Petrify                  Tmut/Erth      17%        N/A       30%         4
 Metabolic Englaciation   Hex/Ice        1%         N/A       99%         5
 Simulacrum               Ice/Necr       1%         N/A       100%        6


Dungeon Overview and Level Annotations

Branches:
Dungeon (4/15) Zot: 1888
 Temple: D:4-7

Altars:


Innate Abilities, Weirdness & Mutations

You passively map a small area around you.
You are easily found by Zot.
You glow in the dark.
You regain HP and MP as you explore.


Message History

A rat comes into view.
A quokka comes into view.
You see here an adder corpse.
Aim: a quokka (76% to hit)
The blast of sand misses the quokka.
Aim: a quokka (76% to hit)
The blast of sand hits the quokka.
The quokka bites you. The quokka misses you.
Aim: a quokka (severely wounded, 76% to hit)
The blast of sand hits the quokka!
You kill the quokka!
The rat bites you but does no damage.
Aim: a rat (83% to hit)
The blast of sand hits the rat!
You kill the rat!
k - 3 fuming green potions (gained 1)
Found an escape hatch in the floor.
A hobgoblin comes into view.
The hobgoblin shouts!
The hobgoblin barely misses you.
There is an escape hatch in the floor here.
You barely miss the hobgoblin. The hobgoblin hits you.
You barely miss the hobgoblin. The hobgoblin closely misses you.
You hit the hobgoblin.
The hobgoblin is poisoned.
The hobgoblin hits you.
Aim: a hobgoblin (severely wounded, very poisoned, 83% to hit)
The blast of sand hits the hobgoblin.
You kill the hobgoblin!
o - a scroll labelled BYH ADWOHU A ball python comes into view.
The ball python hisses angrily.
The ball python barely misses you. The ball python misses you.
Okay, then.
Unknown command.
You hit the ball python.
You kill the ball python!
You see here a ball python corpse.
A frilled lizard comes into view.
The frilled lizard hisses angrily.
A rat comes into view.
Found a stone staircase leading down.
The frilled lizard bites you but does no damage.
Aim: a frilled lizard (72% to hit)
The blast of sand misses the frilled lizard.
The frilled lizard closely misses you.
Aim: a frilled lizard (72% to hit)
The blast of sand hits the frilled lizard!
You kill the frilled lizard!
The rat bites you but does no damage.
Aim: a rat (83% to hit)
The blast of sand hits the rat!
You kill the rat!
You see here a rat corpse.
A kobold comes into view. It is wielding a +0 whip.
The kobold shouts!
The kobold throws a stone.
The stone hits you but does no damage.
Aim: a kobold, wielding a +0 whip and quivering stones (79% to hit)
The blast of sand hits the kobold!
You kill the kobold!
c - 5 scrolls labelled QOSHRY WOSMEDI (gained 1)
There is a stone staircase leading down here.
You climb downwards.
The ogre shouts!
The ball python hisses angrily.
There is a stone staircase leading up here.
Aim: an ogre, wielding a +0 giant club (92% to hit)
The blast of sand hits the ogre.
A quokka comes into view.
Aim: an ogre, wielding a +0 giant club (lightly wounded, 92% to hit)
The blast of sand hits the ogre!
A quokka comes into view.
The ogre hits you with a +0 giant club!
A quokka comes into view.
The quokka moves out of view.
Unknown command.
Aim: an ogre, wielding a +0 giant club (heavily wounded, 92% to hit)
The blast of sand hits the ogre!
The ogre closely misses you.
Aim: an ogre, wielding a +0 giant club (almost dead, 92% to hit)
The blast of sand hits the ogre!
You kill the ogre!
The ball python bites you but does no damage.
The ball python grabs you. The ball python constricts you.
The ball python bites you. The ball python constricts you.
Your Earth Magic skill gained 2 levels and is now at level 7!
You have reached level 5!
Aim: a ball python (constricting you, 81% to hit)
The blast of sand hits the ball python.
You kill the ball python!
The quokka barely misses you.
Aim: a quokka (76% to hit)
The blast of sand hits the quokka.
The quokka bites you. x2
* * * LOW HITPOINT WARNING * * *
Aim: a quokka (heavily wounded, 76% to hit)
The blast of sand misses the quokka.
The quokka bites you.
* * * LOW HITPOINT WARNING * * *
The quokka completely misses you.
The quokka bites you but does no damage.
The quokka bites you.
* * * LOW HITPOINT WARNING * * *
Unknown command.
It was a potion of cancellation.
You feel magically purged. The quokka bites you.
You die...

, , * , , , , ,,
, ,*#### * #..
#.##.##.# ,
#.....r@# * ,,
*......r........
*
..###.###.#....
* .#.....#.# ..
, # #.#*#.# #
.#$ ..# ,,, *
#.# * #r# * * #.
, ..# * *


You could see 3 quokkas.

Vanquished Creatures
  An ogre (D:4)
  2 adders (D:3)
  A worm (D:3)
  3 ball pythons
  2 endoplasms
  3 hobgoblins
  3 jackals (D:1)
  2 quokkas
  3 bats
  2 frilled lizards
  5 goblins
  4 kobolds
  4 rats
35 creatures vanquished.

Notes
Turn   | Place    | Note
-------+----------+-------------------------------------------
     0 | D:1      | domi the Meteoran Earth Elementalist began the quest for
                  | the Orb.
     0 | D:1      | Reached XP level 1. HP: 14/14 MP: 5/5
    23 | D:1      | You fall into a shaft and drop 1 floor!
    89 | D:1      | Reached skill level 4 in Earth Magic
    89 | D:1      | Reached XP level 2. HP: 20/20 MP: 4/6
   232 | D:1      | Reached XP level 3. HP: 26/26 MP: 6/8
   236 | D:1      | Learned a level 3 spell: Stone Arrow
   239 | D:1      | Learned a level 2 spell: Passwall
   319 | D:3      | Reached skill level 5 in Earth Magic
   356 | D:3      | Reached XP level 4. HP: 31/33 MP: 6/9
   478 | D:4      | Noticed an ogre
   482 | D:4      | Killed an ogre
   483 | D:4      | Reached skill level 7 in Earth Magic
   483 | D:4      | Reached XP level 5. HP: 17/38 MP: 5/10
   484 | D:4      | HP: 9/38 [quokka (5)]
   485 | D:4      | HP: 1/38 [quokka (5)]
   486 | D:4      | Slain by a quokka

Illustrated notes

Levels and vault maps discovered:
D:1:      minmay_arrival_cross, layout_basic
D:2:      layout_basic
D:3:      layout_loops_ring, minmay_diced_spiral
D:4:      layout_loops_cross, minmay_temple_entry_grid, minmay_checkerbox

Skill      XL: |  1  2  3  4 |
---------------+-------------+-----
Earth Magic    | 4 5 7 |  7.0
Dodging        | |  2.4
Stealth        | |  1.4
Spellcasting   | |  2.6
Transmutations | |  1.2

Action                     |  1- 3 |  4- 6 || total
---------------------------+-------+-------++-------
  Melee: Dagger            |       |     4 ||     4
   Cast: Sandblast         |    36 |    18 ||    54
    Use: Potion            |       |     1 ||     1
 Armour: Robe              |     7 |     6 ||    13
  Dodge: Dodged            |    10 |     9 ||    19

Table legend: (Time is in decaauts)
 A = Elapsed time spent in this place.
 B = Non-inter-level travel time spent in this place.
 C = Inter-level travel time spent in this place.
 D = Time resting spent in this place.
 E = Time spent auto-exploring this place.
 F = Levels seen in this place.
 G = Mean time per level.
                   A        B        C        D        E       F      G
               +--------+--------+--------+--------+--------+-----+--------+
         Total |    510 |    510 |      0 |      0 |      0 |   4 |  127.5 |
       Dungeon |    510 |    510 |      0 |      0 |      0 |   4 |  127.5 |
               +--------+--------+--------+--------+--------+-----+--------+

Top non-repeatable levels by time:
     D:3: 190 daAuts
     D:1: 185 daAuts
     D:2: 123 daAuts
     D:4: 11 daAuts

Table legend:
 A = Kills in this place as a percentage of kills in the entire game.
 B = Kills by you in this place as a percentage of kills by you in the entire game.
 C = Kills by friends in this place as a percentage of kills by friends in the entire game.
 D = Other kills in this place as a percentage of other kills in the entire game.
 E = Experience gained in this place as a percentage of experience gained in the entire game.
 F = Experience gained in this place divided by the number of levels of this place that you have seen.
                   A       B       C       D       E      F
               +-------+-------+-------+-------+-------+----------------------
         Total | 100.0 | 100.0 |   N/A |   N/A | 100.0 |  50.5
       Dungeon | 100.0 | 100.0 |   N/A |   N/A | 100.0 |  50.5
               +-------+-------+-------+-------+-------+----------------------
